 Dungeon Crawl Stone Soup version 0.28-a0-1404-g4df0f3684d (webtiles) character file.

Game seed: 5928765624384601093

3 HallandMoats the Shield-Bearer (level 1, -1/18 HPs)
             Began as a Formicid Fighter on Jan 6, 2022.
             Slain by a quokka (2 damage)
             ... on level 1 of the Dungeon.
             The game lasted 00:00:14 (67 turns).

HallandMoats the Shield-Bearer (Formicid Fighter)     Turns: 67, Time: 00:00:15

Health: -1/18      AC:  6    Str: 20    XL:     1   Next: 55%
Magic:  1/1        EV:  9    Int:  7    God:
Gold:   6          SH:  4    Dex: 10    Spells: 0/0 levels left

rFire   . . .      SeeInvis +   a - +0 war axe
rCold   . . .      Faith    .   c - +0 buckler
rNeg    . . .      Spirit   .   b - +0 scale mail
rPois   .          Reflect  .   (helmet unavailable)
rElec   .          Harm     .   (no cloak)
rCorr   .          Rampage  .   (no gloves)
Will    .....                   (no boots)
Stlth   ..........              (no amulet)
HPRegen 0.06/turn               (no ring)
MPRegen 0.07/turn               (no ring)

@: no status effects
A: permanent stasis, dig shafts and tunnels, antennae 3, four strong arms
a: Dig, Shaft Self


You were on level 1 of the Dungeon.
You visited 1 branch of the dungeon, and saw 1 of its levels.

You collected 6 gold pieces.

Inventory:

Hand Weapons
 a - a +0 war axe (weapon)
Armour
 b - a +0 scale mail (worn)
 c - a +0 buckler (worn)
Potions
 d - a potion of might


   Skills:
 + Level 3.3 Fighting
 + Level 2.0 Axes
 + Level 3.3 Armour
 + Level 0.1 Dodging
 + Level 3.6 Shields
 + Level 0.2 Invocations


You couldn't memorise any spells.
You didn't know any spells.
Your spell library was empty.

Dungeon Overview and Level Annotations

Branches:
Dungeon (1/15)

Altars:


Innate Abilities, Weirdness & Mutations

You cannot be hasted, slowed, berserked, paralysed or teleported.
You can dig through walls and to a lower floor.
You have a pair of large antennae on your head. (SInv)
Your four strong arms can wield two-handed weapons with a shield.


Message History

You are too injured to fight recklessly!
There are monsters nearby!
You are too injured to fight recklessly!
There are monsters nearby!
You are too injured to fight recklessly!
There are monsters nearby!
You are too injured to fight recklessly!
You barely miss the quokka.
The quokka is lightly wounded.
You barely miss the quokka. The quokka bites you. x2
* * * LOW HITPOINT WARNING * * *
The quokka barely misses you.
You closely miss the quokka.
The quokka is lightly wounded.
You hit the quokka.
The quokka bites you but does no damage.
The quokka closely misses you. The quokka completely misses you.
You miss the quokka.
The quokka is lightly wounded.
You closely miss the quokka. The quokka barely misses you.
The quokka twitches its whiskers.
The quokka closely misses you. The quokka misses you.
The quokka barely misses you.
You hit the quokka but do no damage.
The quokka is lightly wounded.
You closely miss the quokka. The quokka barely misses you.
The quokka bites you.
* * * LOW HITPOINT WARNING * * *
You block the quokka's attack.
The quokka bites you but does no damage.
You slash the quokka!
You kill the quokka!
You barely miss the quokka. The quokka misses you.
Found 18 gold pieces.
The quokka closely misses you. The quokka bites you.
* * * LOW HITPOINT WARNING * * *
The quokka bites you but does no damage.
You barely miss the quokka.
The quokka is almost dead.
The quokka closely misses you. The quokka bites you.
You die...

.$ .... .. ... ...
... #..## #.#####...
. ##...##.#.....#.
#.###...............
.....?. #...........
.......##...........
##.#.......r@.......
............###.####
..##....###.##
.........##...
...#......#.##. ..
#....#.#.## #
#...†#....#
#....#....#
#....##...#


You could see a quokka.

Vanquished Creatures
  A quokka (D:1)
  2 ball pythons (D:1)
3 creatures vanquished.

Notes
Turn   | Place    | Note
-------+----------+-------------------------------------------
     0 | D:1      | HallandMoats the Formicid Fighter began the quest for the
                  | Orb.
     0 | D:1      | Reached XP level 1. HP: 18/18 MP: 1/1
    67 | D:1      | Slain by a quokka

Illustrated notes

Levels and vault maps discovered:
D:1:      eino_arrival_cavern_b, layout_rooms

Action                   || total
-------------------------++-------
Melee: War axe           ||    12
Armor: Scale mail        ||     6
Dodge: Dodged            ||    17
Block: Buckler           ||     2

Table legend: (Time is in decaauts)
 A = Elapsed time spent in this place.
 B = Non-inter-level travel time spent in this place.
 C = Inter-level travel time spent in this place.
 D = Time resting spent in this place.
 E = Time spent auto-exploring this place.
 F = Levels seen in this place.
 G = Mean time per level.
                   A        B        C        D        E       F      G
               +--------+--------+--------+--------+--------+-----+--------+
         Total |     73 |     73 |      0 |      0 |     47 |   1 |   73.0 |
       Dungeon |     73 |     73 |      0 |      0 |     47 |   1 |   73.0 |
               +--------+--------+--------+--------+--------+-----+--------+

Top non-repeatable levels by time:
     D:1: 73 daAuts
